[Event "7th Cattolica Open-A 2020"]
[Site "Cattolica"]
[Date "2020.09.07"]
[Round "8.10"]
[White "Colonetti, Fabio"]
[Black "Alanic, Mickael"]
[Result "0-1"]
[ECO "C60"]
[WhiteElo "2070"]
[BlackElo "2306"]
[Annotator "ChessBase"]
[PlyCount "126"]
[EventDate "2020.08.31"]
[EventType "swiss"]
[EventCountry "ITA"]
[SourceTitle "playchess.com"]
[Source "ChessBase"]
[SourceQuality "1"]
[TimeControl "5400+30"]

1. e4 e5 2. Nf3 Nc6 3. Bb5 g6 4. d4 exd4 5. Bg5 Be7 6. Bxe7 Qxe7 7. Bxc6 dxc6 8. Qxd4 Nf6 9. Nc3 c5 10. Qe3 Bd7 11. O-O-O Bc6 12. Rhe1 O-O 13. e5 Nd7 14. Nd5 Bxd5 15. Rxd5 Nb6 16. Rxc5 c6 17. Qa3 Rfd8 18. Rc3 Qe6 19. Qb3 Rd5 20. Rd3 Qg4 21. Rxd5 cxd5 22. Qe3 Qxg2 23. e6 f6 24. Nd4 Re8 25. Qf4 Qg5 26. Qxg5 fxg5 27. Re5 h6 28. b3 Kg7 29. a4 Kf6 30. Re3 Ke7 31. Kd2 Rf8 32. f3 Rf4 33. c3 Na8 34. a5 a6 35. Ke2 Nc7 36. Kf2 Rf6 37. Rd3 g4 38. Kg3 gxf3 39. Nxf3 Rxe6 40. Nh4 Kd6 41. Ng2 Kc5 42. Ne3 Rd6 43. Kf4 Rf6+ 44. Kg3 g5 45. Kg4 Rf4+ 46. Kg3 h5 47. h3 Re4 48. Nf5 h4+ 49. Kg2 Ne6 50. b4+ Kc4 51. Rf3 Nf4+ 52. Kf1 Re6 53. Nd4 Re5 54. Nc2 Kb3 55. Nd4+ Kc4 56. Nc2 Nd3 57. Na3+ Kxc3 58. Nb1+ Kd4 59. Na3 Re1+ 60. Kg2 Re2+ 61. Kf1 Ra2 62. Nb1 Ra1 63. Ke2 Nf4+ 0-1

[Event "7th Cattolica Open-A 2020"]
[Site "Cattolica"]
[Date "2020.09.08"]
[Round "9.7"]
[White "Solomon, Kenny"]
[Black "Bifulco, Michel"]
[Result "1-0"]
[ECO "C60"]
[WhiteElo "2352"]
[BlackElo "2251"]
[Annotator "ChessBase"]
[PlyCount "51"]
[EventDate "2020.08.31"]
[EventType "swiss"]
[EventCountry "ITA"]
[SourceTitle "playchess.com"]
[Source "ChessBase"]
[SourceQuality "1"]
[TimeControl "5400+30"]

1. e4 e5 2. Nf3 Nc6 3. Bb5 g6 4. O-O Bg7 5. c3 Nge7 6. d4 exd4 7. cxd4 a6 8. Ba4 O-O 9. d5 Na5 10. Nbd2 b5 11. Bc2 d6 12. Nb3 Nc4 13. Nbd4 Bg4 14. Rb1 Ne5 15. h3 Nxf3+ 16. Nxf3 Bd7 17. Re1 Rc8 18. Bf4 Re8 19. Qd2 c6 20. dxc6 Rxc6 21. Bb3 Nc8 22. Bxf7+ Kxf7 23. Qd5+ Ke7 24. Bg5+ Bf6 25. e5 Bxg5 26. Nxg5 1-0

[Event "7th Cattolica Open-A 2020"]
[Site "Cattolica"]
[Date "2020.09.08"]
[Round "9.8"]
[White "Alanic, Mickael"]
[Black "Kasioumis, Vasilios"]
[Result "0-1"]
[ECO "A35"]
[WhiteElo "2306"]
[BlackElo "2356"]
[Annotator "ChessBase"]
[PlyCount "90"]
[EventDate "2020.08.31"]
[EventType "swiss"]
[EventCountry "ITA"]
[SourceTitle "playchess.com"]
[Source "ChessBase"]
[SourceQuality "1"]
[TimeControl "5400+30"]

1. e4 c5 2. Nf3 d6 3. d4 cxd4 4. Nxd4 Nf6 5. Bd3 Nc6 6. Nxc6 bxc6 7. c4 g6 8. Nc3 Bg7 9. O-O O-O 10. Be2 Rb8 11. Rb1 Nd7 12. Qc2 c5 13. f4 Bb7 14. Bf3 Bc6 15. b3 Re8 16. Be3 Qa5 17. Ne2 Rb6 18. Rbd1 Qa6 19. g4 Qb7 20. Ng3 a5 21. Rd3 a4 22. g5 Rb8 23. Bd1 Bxe4 24. Nxe4 Qxe4 25. Bf3 axb3 26. axb3 Qf5 27. Qd1 Nf8 28. Bg4 Qe4 29. Bf3 Qe6 30. Bg4 f5 31. gxf6 Qxf6 32. f5 Ra6 33. Bc1 Ra2 34. fxg6 Qxg6 35. Rg3 Qc2 36. Qd5+ e6 37. Qh5 Kh8 38. Bh6 Bd4+ 39. Kh1 Ng6 40. Bd1 Qe4+ 41. Bf3 Qh4 42. Qxh4 Nxh4 43. Bg4 Rf2 44. Rxf2 Bxf2 45. Rh3 Rg8 0-1

[Event "7th Cattolica Open-A 2020"]
[Site "Cattolica"]
[Date "2020.09.08"]
[Round "9.9"]
[White "Le Goff, Damien"]
[Black "Louis, Corentin"]
[Result "1/2-1/2"]
[ECO "B52"]
[WhiteElo "2281"]
[BlackElo "2053"]
[Annotator "ChessBase"]
[PlyCount "45"]
[EventDate "2020.08.31"]
[EventType "swiss"]
[EventCountry "ITA"]
[SourceTitle "playchess.com"]
[Source "ChessBase"]
[SourceQuality "1"]
[TimeControl "5400+30"]

1. e4 c5 2. Nf3 d6 3. Bb5+ Bd7 4. Bxd7+ Qxd7 5. O-O e6 6. c3 Nc6 7. Re1 Nf6 8. d4 cxd4 9. cxd4 d5 10. e5 Ne4 11. a3 Be7 12. Nbd2 Nxd2 13. Bxd2 O-O 14. Rc1 Rfc8 15. Re3 Nd8 16. Rec3 Rxc3 17. Rxc3 Rc8 18. Qc1 Rxc3 19. Qxc3 Qc6 20. Qxc6 Nxc6 21. Kf1 a5 22. Ke2 a4 23. Kd3 1/2-1/2

[Event "7th Cattolica Open-A 2020"]
[Site "Cattolica"]
[Date "2020.09.08"]
[Round "9.10"]
[White "Papadiamandis, Elliot"]
[Black "Orfini, Nicolo`"]
[Result "0-1"]
[ECO "C41"]
[WhiteElo "2204"]
[BlackElo "2225"]
[Annotator "ChessBase"]
[PlyCount "80"]
[EventDate "2020.08.31"]
[EventType "swiss"]
[EventCountry "ITA"]
[SourceTitle "playchess.com"]
[Source "ChessBase"]
[SourceQuality "1"]
[TimeControl "5400+30"]

1. e4 d6 2. d4 Nf6 3. Nc3 e5 4. Nf3 Nbd7 5. Bc4 Be7 6. O-O O-O 7. Re1 c6 8. a4 b6 9. d5 cxd5 10. Bxd5 Nxd5 11. Nxd5 Nf6 12. Nxe7+ Qxe7 13. b3 Bb7 14. Bg5 h6 15. Bxf6 Qxf6 16. c4 Qe6 17. Nh4 g6 18. Qd2 Kh7 19. f4 Qf6 20. g3 exf4 21. Qxf4 Qxf4 22. gxf4 Rae8 23. Rad1 Rxe4 24. Rxe4 Bxe4 25. Rxd6 Bc2 26. b4 Rc8 27. Rd7 Kg7 28. Nf3 Rxc4 29. Ne5 Rxf4 30. Rxa7 Bb3 31. Nc6 Rc4 32. b5 Rxa4 33. Rb7 Ra1+ 34. Kf2 Ra2+ 35. Kg3 Bd5 36. Rxb6 Rg2+ 37. Kh3 Rg1 38. Nd4 h5 39. Rd6 Bc4 40. Kh4 Rg4+ 0-1